Map: [ESL] Hard Lead

Players

Oriana

  • Race: Terran Terran
  • Spawn Location: 11:00

XYXY (XY) - Winner!

  • Race: Terran Terran
  • Spawn Location: 5:00

Event: ESL SC2 Masters 2023 Winter (Regional)

VOD

Have the link to the VOD?

Description

Time

  • Played on: Oct. 27, 2023, 7:15 a.m.
  • Length: 11:04

All games in this series

Show
View Real Time Build Order
Export as new Build Order

Oriana Terran 

Build Orders: Cyclone Opening 

Get SALT Encoding   

  12  0:00  SCV  
  13  0:12  SCV  
  14  0:17  Supply Depot  
  14  0:24  SCV  
  15  0:38  SCV  
  15  0:40  Barracks  
  16  0:43  Refinery  
  16  0:51  SCV  
  16  0:54  Refinery  
  17  1:03  SCV  
  18  1:15  SCV  
  19  1:27  Orbital Command, Reaper  
  19  1:31  Supply Depot  
  20  1:43  Factory  
  20  1:54  SCV  
  21  1:59  Reaper  
  22  2:06  SCV  
  23  2:16  Command Center  
  23  2:18  SCV  
  24  2:27  Hellion  
  26  2:30  SCV  
  26  2:32  Barracks Reactor  
  27  2:39  Starport  
  27  2:44  Supply Depot  
  27  2:46  SCV  
  28  2:54  Cyclone  
  30  2:58  SCV  
  31  3:11  Marine x2  
  33  3:13  SCV  
  33  3:17  Liberator  
  37  3:25  SCV  
  38  3:30  Orbital Command  
  36  3:34  Cyclone  
  36  3:37  Refinery  
  36  3:39  Marine x2  
  40  3:41  SCV  
  41  3:53  Supply Depot  
  41  3:57  SCV x2  
  41  4:02  Starport Tech Lab  
  45  4:07  Factory Tech Lab  
  45  4:09  SCV x2  
  45  4:16  Command Center  
  45  4:21  Raven  
  45  4:22  Interference Matrix  
  47  4:25  SCV x2  
  47  4:30  Siege Tank  
  52  4:34  Marine x2  
  52  4:38  Supply Depot  
  54  4:39  SCV  
  52  4:49  SCV  
  52  4:51  SCV  
  46  5:02  SCV  
  46  5:04  SCV  
  46  5:06  Siege Tank  
  51  5:07  Raven  
  47  5:14  SCV  
  47  5:16  SCV  
  47  5:17  Marine x2  
  48  5:30  SCV x2  
  50  5:39  Siege Tank  
  53  5:44  SCV x2  
  55  5:51  Barracks  
  55  5:52  Stimpack, Marine  
  55  5:53  Barracks, Starport Reactor  
  55  5:56  SCV x2  
  58  6:07  Engineering Bay  
  58  6:08  SCV  
  58  6:09  SCV, Engineering Bay  
  61  6:12  Orbital Command  
  61  6:13  Marine  
  61  6:18  Supply Depot  
  61  6:23  SCV x2  
  63  6:28  Barracks  
  63  6:30  Barracks  
  63  6:32  Refinery  
  63  6:35  Terran Infantry Weapons Level 1, Terran Infantry Armor Level 1  
  63  6:37  Starport Reactor  
  63  6:38  SCV x2  
  65  6:45  Marine  
  65  6:46  Siege Tank  
  69  6:50  Supply Depot  
  69  6:52  SCV x2  
  69  6:53  Marine x2  
  69  6:54  Marine x2  
  74  6:57  Orbital Command  
  74  7:05  Marine  
  74  7:06  SCV x2  
  77  7:14  Orbital Command, Marine x4  
  77  7:15  Medivac x2  
  85  7:18  SCV x2  
  85  7:19  Barracks Reactor x2  
  87  7:24  Siege Tank  
  87  7:28  Marine  
  91  7:35  SCV x2  
  92  7:39  Combat Shield  
  92  7:41  SCV  
  93  7:44  Marine x4  
  93  7:47  SCV  
  93  7:50  Marine, Supply Depot  
  99  7:52  Supply Depot  
  99  7:54  SCV x2  
  101  8:07  Marine  
  101  8:11  SCV, Marine x7  
  109  8:14  Marine  
  109  8:15  Siege Tank  
  112  8:25  Marine  
  98  8:29  Marine x4  
  88  8:36  Marine x2  
  88  8:41  Marine  
  87  8:43  Marine  
  87  8:47  Marine x4  
  74  8:54  Marine  
  42  9:13  Orbital Command  
  41  9:27  SCV  
  42  9:33  Orbital Command  
  35  9:51  SCV  
  36  9:59  SCV x2  
  37  10:08  Marine  
  37  10:10  Marine  
  39  10:17  Marine  
  39  10:19  SCV  
  39  10:21  SCV  
  42  10:23  SCV  
  22  10:44  Marine x2  
  22  10:45  SCV x3  
Show
View Real Time Build Order
Export as new Build Order

XYXY Terran - Winner!

Build Orders: Cyclone Opening 

Get SALT Encoding   

  12  0:00  SCV  
  13  0:12  SCV  
  14  0:17  Supply Depot  
  14  0:24  SCV  
  15  0:38  SCV  
  15  0:39  Barracks  
  16  0:43  Refinery  
  16  0:51  SCV  
  16  0:52  Refinery  
  17  1:03  SCV  
  18  1:15  SCV  
  19  1:26  Reaper  
  19  1:27  Orbital Command  
  19  1:29  Supply Depot  
  20  1:40  Factory  
  20  1:52  SCV  
  21  1:58  Reaper  
  22  2:04  SCV  
  23  2:16  SCV  
  23  2:18  Command Center  
  24  2:25  Cyclone  
  24  2:28  SCV  
  27  2:30  Barracks Reactor  
  27  2:36  Supply Depot  
  27  2:40  SCV  
  28  2:47  Starport  
  28  2:53  SCV  
  28  2:58  Factory Tech Lab  
  29  3:05  SCV  
  30  3:08  Refinery  
  30  3:09  Marine  
  30  3:10  Marine  
  32  3:16  Siege Tank  
  32  3:17  SCV  
  34  3:29  SCV  
  33  3:35  Orbital Command  
  33  3:39  Medivac  
  36  3:41  SCV  
  36  3:45  Marine x2  
  39  3:55  SCV  
  39  3:59  Factory Tech Lab  
  39  4:00  SCV  
  40  4:07  SCV  
  40  4:09  Supply Depot  
  41  4:12  Marine x2  
  41  4:15  SCV  
  44  4:19  SCV  
  44  4:22  Raven, Interference Matrix  
  47  4:24  Siege Tank  
  47  4:28  SCV  
  47  4:31  Supply Depot  
  51  4:33  Marine  
  52  4:45  SCV  
  53  4:50  Marine, SCV  
  53  4:51  Marine  
  53  4:58  Siege Tank, SCV  
  50  5:02  SCV  
  48  5:10  SCV  
  48  5:12  Raven  
  51  5:14  SCV  
  51  5:18  Marine x2  
  54  5:23  SCV  
  54  5:26  SCV  
  56  5:33  Siege Tank  
  56  5:35  SCV  
  60  5:38  SCV  
  60  5:42  Command Center  
  61  5:46  Marine x2  
  61  5:47  SCV  
  64  5:50  SCV  
  64  5:54  Raven  
  67  5:59  SCV  
  67  6:01  Supply Depot  
  67  6:02  SCV  
  69  6:11  SCV, Supply Depot  
  70  6:22  Siege Tank, SCV, Marine x2  
  70  6:23  SCV  
  77  6:25  Supply Depot  
  77  6:28  Refinery  
  77  6:30  Barracks  
  77  6:31  Barracks  
  77  6:34  SCV  
  77  6:35  SCV  
  77  6:37  Starport Reactor  
  79  6:46  SCV  
  80  6:47  Barracks, SCV  
  80  6:49  Engineering Bay  
  80  6:51  Engineering Bay  
  81  6:59  SCV x2  
  83  7:06  Siege Tank, Marine  
  83  7:07  Stimpack  
  87  7:11  SCV  
  87  7:12  Orbital Command  
  87  7:15  SCV  
  90  7:17  Barracks Reactor  
  90  7:18  Barracks Reactor  
  90  7:19  Supply Depot  
  92  7:23  SCV  
  92  7:27  SCV  
  90  7:31  Marine  
  90  7:36  Viking  
  93  7:38  Siege Tank, SCV  
  93  7:40  SCV x2  
  93  7:42  Marine  
  93  7:43  Marine  
  101  7:44  Supply Depot  
  101  7:45  Supply Depot  
  101  7:46  Barracks  
  101  7:50  SCV  
  102  7:52  SCV  
  102  7:53  SCV  
  102  7:54  Marine x3, Refinery  
  102  7:56  Marine x2  
  102  7:57  Sensor Tower  
  109  8:02  SCV  
  110  8:12  Siege Tank, Marine x4  
  117  8:15  Viking x2, Marine  
  117  8:16  Marine  
  115  8:26  Marine  
  115  8:27  SCV  
  115  8:29  Marine  
  115  8:30  Marine x3  
  111  8:35  Marine  
  95  8:49  Orbital Command  
  79  9:08  Marine  
  78  9:29  Combat Shield  
  78  9:33  Orbital Command  
  78  9:41  Liberator  
  78  9:45  Liberator  
  78  9:46  Marine x2  
  78  9:47  Siege Tank  
  78  9:50  Marine x2  
  73  9:56  Barracks Reactor  
  73  9:57  Barracks Reactor  
  73  9:59  SCV x2  
  75  10:02  Marine  
  75  10:05  Marine x2  
  78  10:24  Supply Depot  
  78  10:26  Marine x2  
  78  10:27  Siege Tank, SCV x2  
  86  10:29  Supply Depot  
  86  10:31  Marine  
  83  10:39  SCV, Marine x2  
  83  10:40  Marine  
  83  10:41  Marine x2  
  63  10:44  Marine  
  63  10:45  Marine  
Tags
 
Add a new tag
Caveats
  • Supply blocks, unpowered buildings, or Contaminate may cause inaccurate times.
  • Supply counts are checked every 10 seconds.